[Event "2025 Fred Maris Cup (Division B)"]
[Site "Woodvale, Perth WA AUS"]
[Date "2025.06.18"]
[Round "2"]
[White "Curtis, Calan"]
[Black "Leech, Martin"]
[Result "1-0"]
[ECO "A43"]
[WhiteElo "1677"]
[BlackElo "1646"]
[PlyCount "43"]
[EventDate "2025.06.11"]
[EventType "tourn"]
[EventRounds "5"]
[EventCountry "AUS"]
[TimeControl "3600+30"]

1. d4 Nf6 2. Nf3 c5 3. d5 d6 4. Nc3 g6 5. e4 Bg7 6. Be3 O-O 7. Qd2 a5 8. a4 Na6
9. Bxa6 bxa6 10. Bh6 Qb6 11. Bxg7 Kxg7 12. h3 Bd7 13. O-O e6 14. e5 Ne8 15.
Rad1 exd5 16. Nxd5 Qb7 17. exd6 Bxa4 18. Qxa5 Bb5 19. Qc3+ f6 20. Rfe1 Qc6 21.
Ng5 Kg8 22. Ne7+ 1-0

[Event "2025 Fred Maris Cup (Division C)"]
[Site "Woodvale, Perth WA AUS"]
[Date "2025.06.18"]
[Round "2"]
[White "Boswarva, Ernest"]
[Black "Michael, Ashley"]
[Result "0-1"]
[ECO "D05"]
[WhiteElo "1485"]
[BlackElo "1642"]
[PlyCount "86"]
[EventDate "2025.06.11"]
[EventType "tourn"]
[EventRounds "5"]
[EventCountry "AUS"]
[TimeControl "3600+30"]

1. d4 c5 2. c3 Nf6 3. Nf3 d5 4. Nbd2 Nc6 5. e3 c4 6. b3 b5 7. a4 Qa5 8. Bb2 b4
9. cxb4 Nxb4 10. bxc4 Bf5 11. Rc1 Rc8 12. c5 Ne4 13. Bb5+ Kd8 14. O-O a6 15.
Ne5 axb5 16. Nxf7+ Ke8 17. Nxh8 Nd3 18. Nb3 Nxb2 19. Nxa5 Nxd1 20. Rfxd1 bxa4
21. f3 Nf6 22. Ra1 Ra8 23. Rxa4 Bc2 24. Rda1 Bxa4 25. Rxa4 e6 26. Ra1 Be7 27.
Nb3 Rxa1+ 28. Nxa1 Bd8 29. Nb3 Kf8 30. Nd2 Kg8 31. Ng6 hxg6 32. e4 Ne8 33. exd5
exd5 34. f4 Ba5 35. Nb3 Bc3 36. Kf2 Nc7 37. Ke3 Ne6 38. g4 Kf7 39. f5 gxf5 40.
gxf5 Nc7 41. h4 Kf6 42. Kf4 Nb5 43. c6 Nc7 0-1

[Event "2025 Fred Maris Cup (Division C)"]
[Site "Woodvale, Perth WA AUS"]
[Date "2025.06.18"]
[Round "2"]
[White "Hagendoorn, Mark"]
[Black "Howard, Mark"]
[Result "1-0"]
[ECO "C78"]
[WhiteElo "1599"]
[BlackElo "1470"]
[PlyCount "81"]
[EventDate "2025.06.11"]
[EventType "tourn"]
[EventRounds "5"]
[EventCountry "AUS"]
[TimeControl "3600+30"]

1. e4 e5 2. Nf3 Nc6 3. Bb5 a6 4. Ba4 b5 5. Bb3 h6 6. c3 Nf6 7. d3 Bc5 8. O-O d6
9. d4 exd4 10. cxd4 Bb6 11. e5 dxe5 12. dxe5 Qxd1 13. Rxd1 Ng4 14. Rf1 Nxf2 15.
Rxf2 Bxf2+ 16. Kxf2 O-O 17. Nc3 Na5 18. Bd5 c6 19. Be4 Bd7 20. Bf4 f6 21. Bg6
fxe5 22. Bxe5 Nc4 23. Bg3 Nxb2 24. Re1 Rf6 25. Bc2 Bf5 26. Ne4 Bxe4 27. Bxe4
Nc4 28. Kg1 Kh8 29. Nh4 Nd2 30. Bc2 Kg8 31. h3 Raf8 32. Re2 Nc4 33. Ng6 Ra8 34.
Be1 Nd6 35. Bc3 Rf7 36. Re6 Nf5 37. Rxc6 Kh7 38. Nh4 g6 39. Nxg6 Rd8 40. Nh4
Rdf8 41. g4 1-0

[Event "2025 Fred Maris Cup (Division C)"]
[Site "Woodvale, Perth WA AUS"]
[Date "2025.06.18"]
[Round "2"]
[White "Pass, Tony"]
[Black "Porteus, Grant"]
[Result "1-0"]
[ECO "A45"]
[WhiteElo "1434"]
[BlackElo "1420"]
[PlyCount "139"]
[EventDate "2025.06.11"]
[EventType "tourn"]
[EventRounds "5"]
[EventCountry "AUS"]
[TimeControl "3600+30"]

1. d4 Nf6 2. Nc3 d6 3. Bf4 Nbd7 4. Nf3 b6 5. e3 Bb7 6. Be2 Nh5 7. O-O Nxf4 8.
exf4 g6 9. Ng5 Bh6 10. Bc4 Bxg5 11. fxg5 e5 12. Bd5 c6 13. Bf3 d5 14. Qd2 Qe7
15. Rfe1 O-O 16. Bg4 f5 17. gxf6 Nxf6 18. Rxe5 Qg7 19. Bf3 Rae8 20. Rae1 Rxe5
21. Rxe5 Bc8 22. Qe2 Bf5 23. h3 Qh6 24. Bg4 Bxg4 25. hxg4 Qc1+ 26. Nd1 Kg7 27.
Kh2 Ne4 28. f3 Qf4+ 29. Kg1 Nd2 30. Re7+ Rf7 31. Rxf7+ Kxf7 32. c3 Nc4 33. Kf2
Qf6 34. b3 Nd6 35. Qe5 Nb5 36. Qxf6+ Kxf6 37. f4 Nd6 38. Kf3 h5 39. g3 Nb7 40.
g5+ Ke6 41. g4 h4 42. Nf2 c5 43. Nd3 Kf7 44. Ne5+ Kg7 45. Nc6 Nd6 46. Ne7 Ne4
47. Nxd5 h3 48. f5 h2 49. Kg2 Nf2 50. Kxh2 Nxg4+ 51. Kg3 gxf5 52. Kf4 cxd4 53.
cxd4 Kf7 54. Kxf5 Nf2 55. g6+ Kg7 56. Ne7 Nd3 57. d5 Nc5 58. d6 b5 59. Nc8 a6
60. Nb6 a5 61. d7 a4 62. bxa4 Nb7 63. axb5 Nd6+ 64. Ke5 Nb7 65. Ke6 Kf8 66. Nd5
Nd8+ 67. Kf6 Nf7 68. b6 Kg8 69. b7 Nd6 70. d8=Q+ 1-0

[Event "2025 Fred Maris Cup (Division D)"]
[Site "Woodvale, Perth WA AUS"]
[Date "2025.06.18"]
[Round "2"]
[White "Walker, Colin"]
[Black "Brooke, John"]
[Result "1-0"]
[ECO "C20"]
[WhiteElo "1413"]
[BlackElo "1275"]
[PlyCount "109"]
[EventDate "2025.06.11"]
[EventType "tourn"]
[EventRounds "5"]
[EventCountry "AUS"]
[TimeControl "3600+30"]

1. e4 e5 2. b3 a6 3. Bb2 Nc6 4. Nf3 d6 5. Be2 Nf6 6. d3 Be7 7. a4 Bg4 8. Nbd2
Bh5 9. O-O Bg6 10. Ne1 d5 11. exd5 Qxd5 12. Bf3 Qe6 13. Nc4 Rd8 14. Qe2 Nd7 15.
Bxc6 bxc6 16. Nxe5 Bf6 17. f4 Bf5 18. N1f3 O-O 19. Qe1 Rfe8 20. Nd4 Qd6 21.
Nxf5 Qc5+ 22. Qf2 Qxf2+ 23. Rxf2 Nxe5 24. Bxe5 Bxe5 25. fxe5 Rxe5 26. Ng3 h6
27. Raf1 Rd7 28. Re2 Red5 29. Rfe1 Kh7 30. Re4 c5 31. Re7 Kg6 32. Rxd7 Rxd7 33.
Re5 Rd6 34. Ne4 Rd4 35. Rxc5 Rd7 36. Rc6+ f6 37. Rxa6 h5 38. Rc6 Re7 39. Kf2
Kh6 40. a5 h4 41. a6 Re5 42. Rxc7 Rf5+ 43. Kg1 Ra5 44. a7 Ra1+ 45. Kf2 Ra2 46.
b4 f5 47. Nd6 g6 48. Nb5 Rb2 49. a8=Q Rxb4 50. Qf8+ Kg5 51. Qxb4 h3 52. g3 Kf6
53. Qd6+ Kg5 54. Qe7+ Kg4 55. Qh4# 1-0

[Event "2025 Fred Maris Cup (Division E)"]
[Site "Woodvale, Perth WA AUS"]
[Date "2025.06.18"]
[Round "2"]
[White "Powell, Darren"]
[Black "Batahena, Ayun"]
[Result "0-1"]
[ECO "C47"]
[WhiteElo "1245"]
[BlackElo "737"]
[PlyCount "54"]
[EventDate "2025.06.11"]
[EventType "tourn"]
[EventRounds "5"]
[EventCountry "AUS"]
[TimeControl "3600+30"]

1. e4 e5 2. Nc3 Nf6 3. d3 h6 4. Nf3 Nc6 5. h3 Bb4 6. Bd2 d5 7. exd5 Nxd5 8.
Nxd5 Bxd2+ 9. Qxd2 Qxd5 10. Qe3 Nd4 11. Nxd4 Qxd4 12. Qc1 Bf5 13. c3 Qd5 14.
Qe3 c5 15. b3 O-O 16. Rd1 Rad8 17. Qg3 b5 18. Be2 b4 19. Bf3 Qd6 20. O-O bxc3
21. Rc1 Qd4 22. Rfd1 f6 23. Be4 Bxe4 24. dxe4 Qxd1+ 25. Rxd1 Rxd1+ 26. Kh2 c2
27. h4 c1=Q 0-1

[Event "2025 Fred Maris Cup (Division E)"]
[Site "Woodvale, Perth WA AUS"]
[Date "2025.06.18"]
[Round "2"]
[White "Lanham, Bruce"]
[Black "Dawoud, Ahmad"]
[Result "1/2-1/2"]
[ECO "A35"]
[WhiteElo "1235"]
[BlackElo "1238"]
[PlyCount "73"]
[EventDate "2025.06.11"]
[EventType "tourn"]
[EventRounds "5"]
[EventCountry "AUS"]
[TimeControl "3600+30"]

1. Nf3 c5 2. c4 Nc6 3. Nc3 e5 4. e3 g6 5. b3 Bg7 6. Bb2 d6 7. Be2 Nge7 8. O-O
O-O 9. Ng5 h6 10. Nge4 f5 11. Ng3 Be6 12. Qc2 b6 13. Rad1 d5 14. cxd5 Bxd5 15.
Nxd5 Nxd5 16. Rfe1 Kh7 17. d3 Nde7 18. a3 a6 19. Bf3 Rc8 20. e4 f4 21. Ne2 Nd4
22. Nxd4 cxd4 23. Qd2 Nc6 24. Rc1 b5 25. Rc2 h5 26. Rec1 Qd7 27. Rc5 Ne7 28.
Rxc8 Rxc8 29. Rxc8 Qxc8 30. Qc1 Qxc1+ 31. Bxc1 Nc6 32. Bd2 a5 33. g3 fxg3 34.
fxg3 Bh6 35. Bxh6 Kxh6 36. Kg2 g5 37. h3 1/2-1/2

[Event "2025 Fred Maris Cup (Division E)"]
[Site "Woodvale, Perth WA AUS"]
[Date "2025.06.18"]
[Round "2"]
[White "O'Donnell, Simon"]
[Black "Owen, Geoff"]
[Result "1/2-1/2"]
[ECO "C78"]
[WhiteElo "1219"]
[BlackElo "1197"]
[PlyCount "100"]
[EventDate "2025.06.11"]
[EventType "tourn"]
[EventRounds "5"]
[EventCountry "AUS"]
[TimeControl "3600+30"]

1. e4 Nc6 2. Nf3 e5 3. Bb5 Nf6 4. d3 a6 5. Ba4 Bc5 6. O-O O-O 7. Bxc6 bxc6 8.
Nxe5 Re8 9. Nf3 d5 10. e5 Ng4 11. d4 Bb6 12. h3 a5 13. hxg4 Bxg4 14. c3 c5 15.
Nbd2 cxd4 16. cxd4 Bxd4 17. Qa4 c5 18. Nxd4 cxd4 19. Qxd4 h5 20. f3 Be6 21. f4
Qh4 22. Nf3 Qg3 23. Ng5 h4 24. Rf3 Qg4 25. Qd3 Bf5 26. Qxd5 Be6 27. Nxe6 fxe6
28. Qd1 Rad8 29. Bd2 Rd5 30. Qa4 Red8 31. Bxa5 Ra8 32. b4 Rd2 33. Rf2 Rxf2 34.
Kxf2 Qxf4+ 35. Kg1 Qd4+ 36. Kh2 Qxa1 37. Qc6 Qxe5+ 38. Kh1 Rf8 39. Qa6 h3 40.
Bc7 Qe1+ 41. Kh2 Rf1 42. Kxh3 Rh1+ 43. Bh2 Qc3+ 44. g3 Qe5 45. Qa8+ Kh7 46.
Qxh1 Qh5+ 47. Kg2 Qd5+ 48. Kg1 Qd1+ 49. Kg2 Qd5+ 50. Kg1 Qd1+ 1/2-1/2

[Event "2025 Fred Maris Cup (Division F)"]
[Site "Woodvale, Perth WA AUS"]
[Date "2025.06.18"]
[Round "2"]
[White "Markou, Victor"]
[Black "Overste, Brian"]
[Result "0-1"]
[ECO "C44"]
[WhiteElo "895"]
[BlackElo "1027"]
[PlyCount "76"]
[EventDate "2025.06.11"]
[EventType "tourn"]
[EventRounds "5"]
[EventCountry "AUS"]
[TimeControl "3600+30"]

1. e4 e5 2. Nf3 Nc6 3. g3 b6 4. Bg2 Ba6 5. d3 Bb4+ 6. c3 Bc5 7. O-O h5 8. Nbd2
Bxd3 9. Re1 Nh6 10. Nb3 Bc4 11. Nxc5 bxc5 12. b3 Be6 13. Ng5 Bg4 14. f3 Be6 15.
Nxe6 fxe6 16. Be3 Qe7 17. c4 Na5 18. a3 c6 19. b4 Nxc4 20. Bxc5 Qg5 21. Qe2 d5
22. exd5 exd5 23. f4 Qf5 24. a4 e4 25. b5 Rc8 26. Qf1 Rc7 27. a5 cxb5 28. h3
Rxc5 29. Qf2 Rc7 30. Rab1 a6 31. Bf1 O-O 32. Rec1 Qg6 33. Bxc4 bxc4 34. Qb6
Qxg3+ 35. Kf1 Qd3+ 36. Kg1 Qg3+ 37. Kf1 Rxf4+ 38. Ke2 Qd3+ 0-1

[Event "2025 Fred Maris Cup (Division F)"]
[Site "Woodvale, Perth WA AUS"]
[Date "2025.06.18"]
[Round "2"]
[White "Young, Manfred"]
[Black "Rennie, Mike"]
[Result "1-0"]
[ECO "D00"]
[WhiteElo "1125"]
[BlackElo "919"]
[PlyCount "47"]
[EventDate "2025.06.11"]
[EventType "tourn"]
[EventRounds "5"]
[EventCountry "AUS"]
[TimeControl "3600+30"]

1. d4 d5 2. h3 f6 3. Nf3 e6 4. a3 Nc6 5. Bf4 g5 6. Bh2 Bh6 7. e3 Bd7 8. c4 Na5
9. cxd5 exd5 10. Bd3 a6 11. Nc3 b5 12. Nxd5 c6 13. Nc3 Ne7 14. O-O Be6 15. e4
Bc4 16. Bxc4 Nxc4 17. e5 Nxb2 18. Qe2 Nc4 19. exf6 Bf8 20. fxe7 Bxe7 21. Ne5
Qxd4 22. Qh5+ Kd8 23. Nxc6+ Kc8 24. Nxd4 1-0

[Event "2025 Fred Maris Cup (Division A)"]
[Site "Woodvale, Perth WA AUS"]
[Date "2025.06.25"]
[Round "3"]
[White "Taylor, Leon"]
[Black "Maris, Rob"]
[Result "1/2-1/2"]
[ECO "B58"]
[WhiteElo "2027"]
[BlackElo "2004"]
[PlyCount "71"]
[EventDate "2025.06.11"]
[EventType "swiss"]
[EventRounds "6"]
[EventCountry "AUS"]
[TimeControl "3600+30"]

1. e4 c5 2. Nf3 Nc6 3. d4 cxd4 4. Nxd4 Nf6 5. Nc3 d6 6. Be2 e5 7. Nxc6 bxc6 8.
O-O h6 9. f4 Be7 10. Kh1 Qb6 11. Qe1 Nd7 12. Qg3 Bf6 13. a4 a5 14. Rd1 Qc7 15.
Be3 h5 16. h4 Nb6 17. Bxb6 Qxb6 18. Rxd6 exf4 19. Qd3 Ba6 20. Nb5 Be5 21. Qc4
Bxb5 22. Re6+ Kf8 23. axb5 fxe6 24. Qxe6 Re8 25. Qf5+ Bf6 26. Rd1 cxb5 27. Bxb5
Rd8 28. Rxd8+ Qxd8 29. e5 Qd5 30. Qc8+ Bd8 31. Bc4 Qd1+ 32. Kh2 Qd4 33. Qe6 Qa7
34. Qf5+ Ke8 35. Qg6+ Kf8 36. Qf5+ 1/2-1/2

[Event "2025 Fred Maris Cup (Division A)"]
[Site "Woodvale, Perth WA AUS"]
[Date "2025.06.25"]
[Round "3"]
[White "Verma, Abhinav"]
[Black "Wolstencroft, Alan"]
[Result "1-0"]
[ECO "E94"]
[WhiteElo "1830"]
[BlackElo "1794"]
[PlyCount "105"]
[EventDate "2025.06.11"]
[EventType "swiss"]
[EventRounds "6"]
[EventCountry "AUS"]
[TimeControl "3600+30"]

1. d4 Nf6 2. c4 g6 3. Nc3 Bg7 4. e4 d6 5. Nf3 O-O 6. Be2 e5 7. d5 Na6 8. O-O
Nc5 9. Qc2 a5 10. h3 Ne8 11. Ne1 f5 12. f3 f4 13. Nd3 b6 14. Bd2 Qg5 15. Nf2 h5
16. a3 a4 17. Nb5 Nb3 18. Rad1 Nxd2 19. Qxd2 Qe7 20. Nd3 g5 21. Nb4 Nf6 22. Nc6
Qf7 23. Qe1 g4 24. Qh4 g3 25. Qg5 Re8 26. Qh4 Nh7 27. Nd8 Qg6 28. Ne6 Bf6 29.
Nxf4 exf4 30. Qxf4 Be5 31. Qd2 Re7 32. f4 Bg7 33. f5 Qf7 34. f6 Nxf6 35. Qg5
Re5 36. Qxg3 Qe7 37. Qg6 Qf7 38. Qxf7+ Kxf7 39. Nxc7 Ra7 40. Nb5 Rd7 41. Nc3
Ke7 42. Nxa4 Rb7 43. Nc3 Bd7 44. Bd3 Be8 45. Rf5 Nd7 46. Rdf1 Bg6 47. R5f3 Bh6
48. b4 Rb8 49. Ne2 Rf8 50. Rxf8 Bxf8 51. Nd4 Bxe4 52. Nc6+ Ke8 53. Nxe5 1-0

[Event "2025 Fred Maris Cup (Division A)"]
[Site "Woodvale, Perth WA AUS"]
[Date "2025.06.25"]
[Round "3"]
[White "Leonhardt, Wolfgang"]
[Black "Janceski, Alex"]
[Result "1/2-1/2"]
[ECO "B46"]
[WhiteElo "1714"]
[BlackElo "1838"]
[PlyCount "40"]
[EventDate "2025.06.11"]
[EventType "swiss"]
[EventRounds "6"]
[EventCountry "AUS"]
[TimeControl "3600+30"]

1. e4 c5 2. a3 e6 3. Nc3 a6 4. Nf3 Nc6 5. d4 cxd4 6. Nxd4 Bc5 7. Nb3 Ba7 8. g3
b5 9. Bg2 Bb7 10. Qg4 Qf6 11. O-O h5 12. Qg5 h4 13. Qxf6 gxf6 14. Bf4 e5 15.
Be3 hxg3 16. hxg3 Bxe3 17. fxe3 Rh6 18. Nc5 O-O-O 19. Nd5 Nge7 20. Nxb7 Kxb7
1/2-1/2

[Event "2025 Fred Maris Cup (Division B)"]
[Site "Woodvale, Perth WA AUS"]
[Date "2025.06.25"]
[Round "3"]
[White "Leech, Martin"]
[Black "Shaw, Robin"]
[Result "1/2-1/2"]
[ECO "B07"]
[WhiteElo "1646"]
[BlackElo "1712"]
[PlyCount "40"]
[EventDate "2025.06.11"]
[EventType "tourn"]
[EventRounds "5"]
[EventCountry "AUS"]
[TimeControl "3600+30"]

1. e4 d6 2. d4 Nf6 3. Nc3 c6 4. Nf3 Bg4 5. h3 Bh5 6. Be2 Bxf3 7. Bxf3 Nbd7 8.
Be3 e6 9. Qd2 a5 10. O-O b5 11. e5 Nd5 12. Nxd5 cxd5 13. Bf4 dxe5 14. dxe5 Nb6
15. b3 Bb4 16. Qd3 O-O 17. Qxb5 Rc8 18. Qe2 Bc3 19. Rad1 Nd7 20. a4 Qc7 1/2-1/2

[Event "2025 Fred Maris Cup (Division B)"]
[Site "Woodvale, Perth WA AUS"]
[Date "2025.07.09"]
[Round "3"]
[White "Bhatia, Abhay"]
[Black "Curtis, Calan"]
[Result "1-0"]
[ECO "E73"]
[WhiteElo "1688"]
[BlackElo "1677"]
[PlyCount "88"]
[EventDate "2025.06.11"]
[EventType "tourn"]
[EventRounds "5"]
[EventCountry "AUS"]
[TimeControl "3600+30"]

1. c4 Nf6 2. d4 g6 3. Bg5 Bg7 4. Nc3 O-O 5. e4 d6 6. Be2 Nc6 7. Rb1 h6 8. Bh4
e5 9. d5 Nd4 10. f4 c6 11. b4 exf4 12. dxc6 bxc6 13. Qxd4 g5 14. e5 Ng4 15.
Bxg4 Bxg4 16. Bf2 Bxe5 17. Qd3 Re8 18. Nce2 Qf6 19. Rb3 Bf5 20. Qd2 Re7 21. Nf3
Rae8 22. O-O Bg4 23. Ned4 c5 24. Nc6 Rd7 25. Ncxe5 dxe5 26. Qb2 cxb4 27. Rxb4
Qe6 28. Rb8 e4 29. Rxe8+ Qxe8 30. Ne5 e3 31. Nxd7 exf2+ 32. Qxf2 Qxd7 33. h3
Be6 34. c5 Qc6 35. Rb1 Kh7 36. Qc2+ Kg7 37. Rb8 Qc7 38. Qb2+ Kg6 39. Rg8+ Kf5
40. Qc2+ Kf6 41. Rh8 Bf5 42. Qb2+ Ke7 43. Qc3 f3 44. Rxh6 Qg3 1-0

[Event "2025 Fred Maris Cup (Division C)"]
[Site "Woodvale, Perth WA AUS"]
[Date "2025.06.25"]
[Round "3"]
[White "Porteus, Grant"]
[Black "Boswarva, Ernest"]
[Result "0-1"]
[ECO "B07"]
[WhiteElo "1420"]
[BlackElo "1485"]
[PlyCount "65"]
[EventDate "2025.06.11"]
[EventType "tourn"]
[EventRounds "5"]
[EventCountry "AUS"]
[TimeControl "3600+30"]

1. e4 d6 2. Bc4 Nf6 3. Nc3 Nbd7 4. d3 e5 5. f4 c6 6. Qf3 b5 7. Bb3 Nc5 8. Nge2
Nxb3 9. axb3 Be7 10. O-O b4 11. Nd1 O-O 12. f5 d5 13. Nf2 Qb6 14. Kh1 Bb7 15.
Ng4 dxe4 16. Nxf6+ Bxf6 17. dxe4 Rfd8 18. Ng3 c5 19. Qg4 Be7 20. Nh5 Bf8 21.
Be3 Rd6 22. Rf3 Kh8 23. h3 g6 24. Rg3 Be7 25. Rf1 Rg8 26. Bg5 Bxg5 27. Qxg5
Bxe4 28. f6 Qd8 29. Qg4 gxh5 30. Qxe4 Rxg3 31. Qxe5 Rd1 32. Rxd1 Qxd1+ 33. Kh2
0-1

[Event "2025 Fred Maris Cup (Division C)"]
[Site "Woodvale, Perth WA AUS"]
[Date "2025.06.25"]
[Round "3"]
[White "Howard, Mark"]
[Black "Pass, Tony"]
[Result "1-0"]
[ECO "B10"]
[WhiteElo "1470"]
[BlackElo "1434"]
[PlyCount "73"]
[EventDate "2025.06.11"]
[EventType "tourn"]
[EventRounds "5"]
[EventCountry "AUS"]
[TimeControl "3600+30"]

1. e4 c6 2. Bc4 d5 3. exd5 cxd5 4. Bb3 Nc6 5. h3 Nf6 6. Nf3 Qc7 7. d4 Bf5 8.
Nc3 e6 9. Ba4 a6 10. Bxc6+ bxc6 11. Ne5 Bb4 12. Bd2 Ne4 13. Nxe4 Bxd2+ 14. Nxd2
c5 15. c3 c4 16. Qa4+ Ke7 17. O-O f6 18. Nef3 g5 19. b3 Bc2 20. Qa3+ Kf7 21.
bxc4 dxc4 22. Ne1 Bd3 23. Nxd3 cxd3 24. Rab1 h5 25. Qc5 Rhc8 26. Qxc7+ Rxc7 27.
c4 Rd8 28. Rb6 Ra7 29. Re1 Re8 30. Re3 e5 31. d5 f5 32. Rxd3 e4 33. Rdb3 f4 34.
Rb7+ Rxb7 35. Rxb7+ Kf6 36. d6 Ke5 37. Re7+ 1-0

[Event "2025 Fred Maris Cup (Division D)"]
[Site "Woodvale, Perth WA AUS"]
[Date "2025.07.02"]
[Round "3"]
[White "Brooke, John"]
[Black "Gough, Sebastian"]
[Result "0-1"]
[ECO "D02"]
[WhiteElo "1275"]
[BlackElo "1295"]
[PlyCount "95"]
[EventDate "2025.06.11"]
[EventType "tourn"]
[EventRounds "5"]
[EventCountry "AUS"]
[TimeControl "3600+30"]

{Played after John Brooke's round 4 game} 1. Nf3 d5 2. d4 Bg4 3. e3 e6 4. c3 c5
5. Nbd2 Nc6 6. Bb5 Qc7 7. Qa4 a6 8. Bxc6+ Qxc6 9. Qxc6+ bxc6 10. Ne5 Bf5 11.
Nxc6 Bd6 12. dxc5 Bxc5 13. b4 Rc8 14. Nd4 Bxd4 15. cxd4 Be4 16. Nxe4 dxe4 17.
O-O Nf6 18. a4 O-O 19. b5 Ra8 20. b6 a5 21. Ba3 Rfb8 22. Bc5 Nd5 23. Rab1 Nc3
24. Ra1 Rb7 25. Ra3 Nd5 26. Rb1 Rc8 27. h3 f5 28. Rb5 Ra8 29. Rab3 f4 30. Kf1
fxe3 31. fxe3 Kf7 32. Ke2 h5 33. Bd6 g5 34. Bg3 Ra6 35. Be1 Raxb6 36. Bxa5 Rxb5
37. Rxb5 Ra7 38. Kd2 Ra8 39. g3 Kg6 40. Rc5 h4 41. g4 Rf8 42. Ke2 Rf3 43. Be1
Rxe3+ 44. Kf2 Rxh3 45. a5 Rf3+ 46. Kg1 h3 47. Rc2 Rd3 48. Rh2 {Scoresheet not
clear} 0-1

[Event "2025 Fred Maris Cup (Division E)"]
[Site "Woodvale, Perth WA AUS"]
[Date "2025.06.25"]
[Round "3"]
[White "Owen, Geoff"]
[Black "Powell, Darren"]
[Result "1-0"]
[ECO "C50"]
[WhiteElo "1197"]
[BlackElo "1245"]
[PlyCount "79"]
[EventDate "2025.06.11"]
[EventType "tourn"]
[EventRounds "5"]
[EventCountry "AUS"]
[TimeControl "3600+30"]

1. e4 e5 2. Nf3 Nc6 3. Bc4 h6 4. d4 exd4 5. Nxd4 Bc5 6. Be3 Qf6 7. c3 a6 8. b4
Bb6 9. b5 Ne5 10. Bd5 axb5 11. O-O Ne7 12. Nxb5 O-O 13. Bxb6 Qxb6 14. Nd4 c6
15. Bb3 Rd8 16. f4 N5g6 17. f5 Nh8 18. f6 Neg6 19. fxg7 Kxg7 20. Kh1 d5 21. Nd2
Be6 22. Nxe6+ fxe6 23. exd5 cxd5 24. h4 Nxh4 25. Qg4+ N4g6 26. Bc2 e5 27. Nf3
Re8 28. Bxg6 Nxg6 29. Nh4 Qe6 30. Nf5+ Kh7 31. Qh5 Nf4 32. Rxf4 exf4 33. Rf1
Ra6 34. Rxf4 Qe1+ 35. Kh2 Qe5 36. Qf7+ Kh8 37. g3 Rxa2+ 38. Kh3 Ra6 39. Rg4 Rf6
40. Qg7# 1-0

[Event "2025 Fred Maris Cup (Division E)"]
[Site "Woodvale, Perth WA AUS"]
[Date "2025.07.09"]
[Round "3"]
[White "Dawoud, Ahmad"]
[Black "O'Donnell, Simon"]
[Result "0-1"]
[ECO "D15"]
[WhiteElo "1238"]
[BlackElo "1219"]
[PlyCount "70"]
[EventDate "2025.06.11"]
[EventType "tourn"]
[EventRounds "5"]
[EventCountry "AUS"]
[TimeControl "3600+30"]

1. d4 d5 2. c4 c6 3. Nf3 Nf6 4. Nc3 dxc4 5. e4 b5 6. a3 Bg4 7. Be2 e6 8. O-O
Be7 9. Bg5 O-O 10. e5 Nd5 11. Bxe7 Qxe7 12. Nxd5 cxd5 13. Qc2 Nc6 14. Rad1 a5
15. h3 Bf5 16. Qd2 b4 17. Qe3 h6 18. Ra1 Be4 19. Nh2 bxa3 20. bxa3 Rab8 21.
Bxc4 Qg5 22. Qxg5 hxg5 23. Ba2 Nxd4 24. Bb1 Bxb1 25. Raxb1 Rfc8 26. Nf3 Nxf3+
27. gxf3 Rxb1 28. Rxb1 Rc3 29. Ra1 Rxf3 30. Kg2 Rf5 31. Re1 f6 32. exf6 Rxf6
33. Re3 Kf7 34. Rd3 Ke7 35. Rb3 d4 0-1

[Event "2025 Fred Maris Cup (Division F)"]
[Site "Woodvale, Perth WA AUS"]
[Date "2025.06.25"]
[Round "3"]
[White "Frankland, David"]
[Black "Markou, Victor"]
[Result "1-0"]
[ECO "D00"]
[WhiteElo "1159"]
[BlackElo "895"]
[PlyCount "73"]
[EventDate "2025.06.11"]
[EventType "tourn"]
[EventRounds "5"]
[EventCountry "AUS"]
[TimeControl "3600+30"]

1. d4 d5 2. h3 Nf6 3. Nc3 e6 4. a3 b6 5. e3 Be7 6. Nf3 O-O 7. g4 Bb7 8. Ne5 Re8
9. Bg2 Nc6 10. Nd3 Na5 11. b3 Rc8 12. g5 Nd7 13. e4 Nc6 14. exd5 exd5 15. O-O
Nxd4 16. Be3 Nf5 17. Bxd5 c6 18. Bg2 Nxe3 19. fxe3 Bxg5 20. e4 Be3+ 21. Kh1 Bd4
22. Qd2 b5 23. Rae1 a5 24. Ne2 Bf6 25. Qf4 Bg5 26. Qxf7+ Kh8 27. Qh5 Nf6 28.
Qf3 c5 29. Ng3 Bd2 30. Re2 Bc3 31. Qf5 Bxe4 32. Nxe4 Rf8 33. Nxc3 Nd7 34. Qg4
Qc7 35. Rxf8+ Rxf8 36. Re7 Qd8 37. Qxg7# 1-0

[Event "2025 Fred Maris Cup (Division F)"]
[Site "Woodvale, Perth WA AUS"]
[Date "2025.06.25"]
[Round "3"]
[White "Rennie, Mike"]
[Black "Emmerton-Ginn, Tyler"]
[Result "1-0"]
[ECO "B01"]
[WhiteElo "919"]
[BlackElo "1042"]
[PlyCount "57"]
[EventDate "2025.06.11"]
[EventType "tourn"]
[EventRounds "5"]
[EventCountry "AUS"]
[TimeControl "3600+30"]

1. e4 d5 2. d3 d4 3. Nf3 e5 4. Be2 Nc6 5. O-O Bc5 6. Bd2 Nf6 7. a3 Nh5 8. Bg5
f6 9. Bh4 Nf4 10. Bg3 a5 11. Nbd2 b5 12. Nb3 Bb7 13. Nxc5 Bc8 14. b3 b4 15. Nd2
h5 16. Nc4 Qe7 17. Na4 h4 18. Bxf4 exf4 19. Bh5+ Kd8 20. Bf3 h3 21. g4 fxg3 22.
fxg3 Ne5 23. Qc1 Bg4 24. Nxe5 Qxe5 25. Bxg4 g5 26. c4 dxc3 27. axb4 axb4 28.
Qd1 Qd4+ 29. Kh1 1-0

[Event "2025 Fred Maris Cup (Division F)"]
[Site "Woodvale, Perth WA AUS"]
[Date "2025.06.25"]
[Round "3"]
[White "Overste, Brian"]
[Black "Young, Manfred"]
[Result "1-0"]
[ECO "C00"]
[WhiteElo "1027"]
[BlackElo "1125"]
[PlyCount "55"]
[EventDate "2025.06.11"]
[EventType "tourn"]
[EventRounds "5"]
[EventCountry "AUS"]
[TimeControl "3600+30"]

1. e4 e6 2. c4 c5 3. b3 Nc6 4. Bb2 d6 5. a4 a5 6. Nc3 Nf6 7. d3 e5 8. Be2 Bd7
9. Nb5 Nd4 10. Nc3 Qb6 11. Ra3 Be7 12. Bc1 h6 13. Nf3 Qb4 14. Bb2 O-O 15. O-O
Bg4 16. Nxd4 exd4 17. Nb5 Bxe2 18. Qxe2 Nd7 19. Bc1 Bg5 20. Bxg5 hxg5 21. h3
Ne5 22. Rd1 Rfc8 23. Qh5 Rc6 24. Qxg5 f6 25. Qc1 Kf7 26. f4 Nd7 27. h4 Rb6 28.
Nc7 1-0

[Event "2025 Fred Maris Cup (Division A)"]
[Site "Woodvale, Perth WA AUS"]
[Date "2025.07.02"]
[Round "4"]
[White "Elkington, Derek"]
[Black "Plaganyi, Gyula"]
[Result "0-1"]
[ECO "B34"]
[WhiteElo "1898"]
[BlackElo "1970"]
[BlackTitle "CM"]
[PlyCount "60"]
[EventDate "2025.06.11"]
[EventType "swiss"]
[EventRounds "6"]
[EventCountry "AUS"]
[TimeControl "3600+30"]

1. e4 c5 2. Nf3 g6 3. d4 cxd4 4. Nxd4 Nc6 5. Nc3 Bg7 6. Be3 Nf6 7. f3 O-O 8.
Qd2 d5 9. Nxc6 bxc6 10. e5 Nd7 11. f4 e6 12. Na4 f6 13. Nc5 Qe7 14. Nxd7 Bxd7
15. b4 fxe5 16. Bc5 Qf6 17. Bxf8 Rxf8 18. Be2 exf4 19. Rb1 Qh4+ 20. Kd1 Be5 21.
Bf3 Qf6 22. Rb3 Bd4 23. g3 Be3 24. Qc3 d4 25. Qc4 fxg3 26. Bxc6 Bxc6 27. Qxc6
Qf3+ 28. Qxf3 Rxf3 29. hxg3 Rxg3 30. Ra3 Rg2 0-1

[Event "2025 Fred Maris Cup (Division A)"]
[Site "Woodvale, Perth WA AUS"]
[Date "2025.07.02"]
[Round "4"]
[White "Maris, Rob"]
[Black "Rahmani, Noor"]
[Result "1-0"]
[ECO "A21"]
[WhiteElo "2004"]
[BlackElo "2069"]
[PlyCount "88"]
[EventDate "2025.06.11"]
[EventType "swiss"]
[EventRounds "6"]
[EventCountry "AUS"]
[TimeControl "3600+30"]

1. c4 e5 2. Nc3 f5 3. g3 Nf6 4. Bg2 Be7 5. Nh3 d6 6. d3 c6 7. e4 O-O 8. O-O h6
9. f4 fxe4 10. dxe4 Qa5 11. Kh1 Be6 12. Qd3 Na6 13. b3 Nc5 14. Qc2 b5 15. cxb5
cxb5 16. Bd2 b4 17. Na4 Bxh3 18. Bxh3 Nfxe4 19. Nxc5 Nxd2 20. Qxd2 Qxc5 21.
Rac1 Qb6 22. fxe5 Rxf1+ 23. Rxf1 Rd8 24. Qd5+ Kh8 25. e6 Bf6 26. Bg2 Qe3 27.
Be4 Qg5 28. Rf5 Qc1+ 29. Kg2 Qb2+ 30. Kh3 g6 31. Rf3 Kg7 32. Qb7+ Kh8 33. Qf7
Bg5 34. e7 Bxe7 35. Qxe7 Rg8 36. Rf7 Rg7 37. Bxg6 Rxf7 38. Qxf7 Qg7 39. Qe8+
Qg8 40. Kg4 Qxe8 41. Bxe8 Kg7 42. Kf5 Kf8 43. Bc6 Ke7 44. Bd5 a5 1-0